 Dungeon Sprint DCSS version 0.21-a0-104-g7b58145 (webtiles) character file.

174 Kidiri the Covert (level 5, -3/27 HPs)
             Began as a Spriggan Enchanter on July 5, 2017.
             Slain by a necrophage (5 damage)
             ... in the Dungeon (Sprint II: "The Violet Keep of Menkaure").
             The game lasted 00:01:23 (62 turns).

Kidiri the Covert (Spriggan Enchanter)                Turns: 62, Time: 00:01:24

Health: -3/27      AC:  2    Str:  4    XL:     5   Next: 28%
Magic:  13/14      EV: 23    Int: 17    God:
Gold:   0          SH:  0    Dex: 17    Spells: 15/16 levels left

rFire    . . .     SeeInvis +   a - +1 dagger
rCold    . . .     Gourm    .   (shield restricted)
rNeg     . . .     Faith    .   b - +0 robe
rPois    .         Spirit   .   (helmet restricted)
rElec    .         Reflect  .   (no cloak)
rCorr    .         Harm     .   (gloves unavailable)
MR       .....     NoTele   +   (boots unavailable)
Stlth    ++++......             (no amulet)
HPRegen  0.09/turn              (no ring)
MPRegen  0.14/turn              (no ring)

@: berserk cooldown, very quick
A: unfitting armour, see invisible, herbivore 3, speed 3, slow metabolism 2
a: no special abilities


You were in the Dungeon.
You were not hungry.

You visited 1 branch

Inventory:

Hand Weapons
 a - a +1 dagger (weapon)
Armour
 b - a +0 robe (worn)
Scrolls
 j - a scroll of blinking
Potions
 g - a potion of haste
 h - 2 potions of magic
Books
 c - a book of Maledictions

   Spells                             Type                      Level
   a - Corona                         Hexes                        1
   b - Ensorcelled Hibernation        Hexes/Ice                    2
   c - Confuse                        Hexes                        3
   d - Tukima's Dance                 Hexes                        3
   e - Dazzling Spray                 Conjuration/Hexes            3
Comestibles
 d - a bread ration


   Skills:
 + Level 2.3 Fighting
 * Level 5.0 Short Blades
 + Level 2.2 Armour
 * Level 7.2 Dodging
 * Level 8.4 Stealth
 * Level 6.2 Spellcasting
 + Level 5.2 Hexes


You had 15 spell levels left.
You knew the following spells:

 Your Spells              Type           Power        Failure   Level  Hunger
a - Corona                Hex            ###....      1%          1    None


Dungeon Overview and Level Annotations

Branches:
Dungeon (1/1)

Altars:


Innate Abilities, Weirdness & Mutations

You are very small and have problems with some larger weapons.
You are too small for most types of armour.
You have supernaturally acute eyesight. (SInv)
You are a herbivore.
You cover ground extremely quickly.
You need consume almost no food.


Message History

Unknown command.
You hit the necrophage but do no damage.
The necrophage is severely damaged.
The necrophage closely misses you.
You hit the necrophage.
The necrophage is severely damaged.
The necrophage completely misses you.
You barely miss the necrophage.
The necrophage is severely damaged.
The necrophage hits you!
* * * LOW HITPOINT WARNING * * *
You hit the necrophage but do no damage.
The necrophage is severely damaged.
You closely miss the necrophage.
The necrophage is severely damaged.
The necrophage misses you.
You hit the necrophage.
The necrophage is almost destroyed.
The necrophage hits you.
You die...

## ##
##$
.##
.w w.
.#.
#+#
##.##
+.<.+
##@##
#n#
.n.
..#..
##.
.##
## ##


You could see 2 necrophages.

Vanquished Creatures
  2 necrophages (D)
2 creatures vanquished.

Vanquished Creatures (others)
  A crocodile (D)
1 creature vanquished.

Grand Total: 3 creatures vanquished

Notes
Turn   | Place    | Note
-------+----------+-------------------------------------------
     0 | D        | Kidiri the Spriggan Enchanter began the quest for the Orb.
     0 | D        | Reached XP level 1. HP: 9/9 MP: 5/5
     1 | D        | Noticed a tyrant leech
     1 | D        | Noticed a tyrant leech
     5 | D        | Noticed a necrophage
     5 | D        | Noticed a necrophage
     5 | D        | Noticed a necrophage
     5 | D        | Noticed a necrophage
    15 | D        | Killed a necrophage
    15 | D        | Reached skill level 1 in Fighting
    15 | D        | Reached skill level 1 in Armour
    15 | D        | Reached skill level 5 in Dodging
    15 | D        | Reached skill level 7 in Stealth
    15 | D        | Reached skill level 5 in Spellcasting
    15 | D        | Reached XP level 2. HP: 14/15 MP: 6/9
    15 | D        | Reached XP level 3. HP: 17/18 MP: 6/10
    15 | D        | Reached XP level 4. HP: 21/23 MP: 7/12
    21 | D        | Killed a necrophage
    21 | D        | Reached skill level 5 in Short Blades
    21 | D        | Reached skill level 8 in Stealth
    21 | D        | Reached skill level 5 in Hexes
    21 | D        | Reached XP level 5. HP: 22/26 MP: 7/14
    50 | D        | HP: 1/27 [necrophage (3)]
    51 | D        | Killed a crocodile
    62 | D        | Slain by a necrophage

Vault maps used:
D:        the_violet_keep_of_menkaure

Skill      XL: |  1  2  3  4 |
---------------+-------------+-----
Fighting       | 1 2 |  2.3
Short Blades   | 3 5 |  5.0
Armour         | 1 2 |  2.2
Dodging        | 5 7 |  7.2
Stealth        | 7 8 |  8.4
Spellcasting   | 5 6 |  6.2
Hexes          | 4 5 |  5.2

Action                   |  1- 3 |  4- 6 || total
-------------------------+-------+-------++-------
Melee: Dagger            |     9 |    43 ||    52
  Use: Potion            |     1 |     2 ||     3
Armor: Robe              |       |     1 ||     1
Dodge: Dodged            |     3 |    35 ||    38
